 Dungeon Crawl Stone Soup version 0.31.0-4-g52a2dc7128 (webtiles) character file.

Game seed: 8289571011722580456

1799 Xavori the Slasher (level 9, -11/58 HPs)
             Began as a Djinni Chaos Knight on Jan 22, 2024.
             Was a Plaything of Xom.
             Mangled by an ice beast (15 damage)
             ... on level 6 of the Dungeon.
             The game lasted 00:06:36 (12818 turns).

Xavori the Slasher (Djinni Chaos Knight)           Turns: 12818, Time: 00:06:38

Health: -11/58     AC:  5    Str: 18    XL:     9   Next: 30%
Gold:   376        EV: 14    Int: 15    God:    Xom [....*.] SH:  5 Dex: 16

rFire   + + .        a - +0 falchion (chaos)
rCold   x . .        (no shield)
rNeg    . . .        b - +2 leather armour
rPois   ∞            f - +0 hat of Vexation {Regen+ Str+3 Dex+2}
rElec   .            (no cloak)
rCorr   .            (no gloves)
SInv    .            (boots unavailable)
Will    .....        r - amulet of reflection
Stlth   +            (no ring)
HPRegen 1.09/turn    (no ring)
MPRegen 0.00/turn

%: reflection, clarity, infuse magic (-12 HP)
@: flying
A: sickness immunity, fire resistance 2, cold vulnerability 1, float, innate
caster, HP casting, extra vitality 1, clarity, frail 1, strong 1, MP-powered
wands, persistent drain
a: Renounce Religion


You were on level 6 of the Dungeon.
You worshipped Xom.
You were a beloved toy of Xom.
You visited 1 branch of the dungeon, and saw 7 of its levels.

You collected 376 gold pieces.

Inventory:

Hand Weapons
 a - a +0 falchion of chaos (weapon)
Missiles
 l - 3 throwing nets (quivered)
Armour
 b - a +2 leather armour (worn)
 f - the +0 hat of Vexation (worn) {Regen+ Str+3 Dex+2}
   (Xom gifted it to you on level 1 of the Dungeon)

   Str+3:     It affects your strength (+3).
   Dex+2:     It affects your dexterity (+2).
   Regen+:    It increases your rate of health regeneration.
Jewellery
 r - an amulet of reflection (around neck)
Wands
 u - a wand of roots (12)
Scrolls
 c - a scroll of butterflies
 e - a scroll of fog {unknown}
 g - a scroll of revelation
 h - 4 scrolls of teleportation
 j - a scroll of enchant armour
 k - a scroll of immolation
 m - a scroll of poison
 o - a scroll of enchant weapon
 s - a scroll of torment
 t - a scroll of blinking {unknown}
Potions
 d - a potion of ambrosia {unknown}
 i - 3 potions of curing {unknown}
 n - a potion of lignification {unknown}
 p - 2 potions of attraction {unknown}
 q - a potion of heal wounds {unknown}


   Skills:
 + Level 5.4 Fighting
 + Level 6.9 Long Blades
 + Level 4.1 Armour
 + Level 5.8 Dodging
 + Level 1.4 Shields
 * Level 2.8 Spellcasting
 * Level 2.8 Conjurations
 * Level 2.8 Hexes
 * Level 2.8 Summonings
 * Level 2.8 Necromancy
 * Level 2.8 Translocations
 * Level 2.8 Fire Magic
 * Level 2.8 Ice Magic
 * Level 2.8 Air Magic
 * Level 2.8 Earth Magic
 * Level 2.8 Alchemy


You knew the following spells:

 Your Spells              Type           Power      Damage    Failure   Level
a - Foxfire               Conj/Fire      40%        2x1d6     8%          1
b - Scorch                Fire           20%        2d5       12%         2
c - Fugue of the Fallen   Necr           10%        N/A       22%         3
d - Tukima's Dance        Hex            10%        N/A       22%         3
Your spell library was empty.

Dungeon Overview and Level Annotations

Branches:
Dungeon (7/15)             Temple (0/1) D:4

Altars:
Gozag
Hepliaklqana
Ru
Uskayaw
Xom
The Shining One

Shops:
D:7 (


Innate Abilities, Weirdness & Mutations

You are immune to sickness and miasma.
You are immune to poison.
Your flesh is very heat resistant. (rF++)
You are vulnerable to cold. (rC-)
You float through the air rather than walking.
You learn spells naturally, not from books.
Your magical power is your life essence.
You have superior vitality. (+4 MHP)
You possess an exceptional clarity of mind.
You are frail. (-10% HP)
Your muscles are strong. (Str +4, Int/Dex -1)
You expend health (3 HP) to strengthen your wands.
Your health recovers twice as slowly from being drained.


Message History

The scorpion is moderately wounded.
The foxfire hits the scorpion.
The scorpion is heavily wounded.
The foxfire hits the scorpion.
The scorpion is heavily wounded.
The foxfire hits the scorpion but does no damage.
The scorpion is heavily wounded.
You hit the scorpion but do no damage.
The scorpion is poisoned.
The scorpion is heavily wounded.
The foxfire hits the ice beast.
The ice beast melts!
The ice beast is heavily wounded.
Unknown command.
You slash the scorpion! You burn the scorpion.
You kill the scorpion!
The ice beast hits you. The ice beast freezes you!
You feel a terrible chill!
Unknown command.
You barely miss the ice beast.
The ice beast is heavily wounded.
The ice beast barely misses you.
Unknown command.
You hit the ice beast.
You melt the ice beast.
The ice beast is severely wounded.
The ice beast hits you. The ice beast freezes you!!
You feel a terrible chill!
Xom roars with laughter!
You are too injured to fight recklessly!
Unknown command.
You are too injured to fight recklessly!
You are too injured to fight recklessly!
You hit the ice beast.
You melt the ice beast.
The ice beast is severely wounded.
The ice beast hits you. The ice beast freezes you!!
You feel a terrible chill!
* * * LOW HITPOINT WARNING * * *
You emit a cloud of colourful smoke!
You closely miss the ice beast.
The ice beast is severely wounded.
The ice beast hits you.
* * * LOW HITPOINT WARNING * * *
The ice beast freezes you!
You feel a terrible chill!
You die...
Xom is highly amused!

...# #...≈.♣♣♣.♣.≈.s............
#########.≈.......≈....>####...#.
..........≈≈≈≈≈≈§≈§.....>..Y...#
......##...............#.......#
......'..###...........#.....##..
......#....##..........#...))# ..
.............###.......#.....# ..
......#....#.# #Y......#.....# .
...........#.# #@§.....#.....#
...........#.###§§.....#######
.......#...............#
######.#####.###.......# #.# #.#
#.......# #.# #.# ###.##### #.#
#.# #.# #.# #.# #.# #.# #.# #.#


You could see an ice beast.

Vanquished Creatures
  Sigmund (D:6)
  A steam dragon (D:6)
  2 water moccasins
  A black bear (D:4)
  An ogre (D:5)
  A centaur (D:5)
  2 bullfrogs
  2 scorpions (D:6)
  3 hounds
  3 bombardier beetles
  2 jellies
  An orc priest (D:3)
  An iron imp (D:6)
  3 iguanas
  4 orc wizards
  7 gnolls
  7 adders
  A river rat (D:4)
  3 white imps
  2 ufetubi (D:6)
  A dart slug (D:3)
  A ribbon worm (D:3)
  10 orcs
  6 ball pythons
  A bat zombie (D:4)
  9 endoplasms
  3 giant cockroaches
  10 goblins
  9 hobgoblins
  4 jackals
  10 kobolds
  10 quokkas
  5 bats
  3 frilled lizards
  3 frilled lizard zombies (D:4)
  10 rats
  A spectral orc (D:3)
144 creatures vanquished.

Vanquished Creatures (collateral kills)
  A bombardier beetle (D:4)
  2 hobgoblins (D:4)
  A kobold (D:1)
4 creatures vanquished.

Vanquished Creatures (others)
  A goblin (D:1)
  21 foxfires
22 creatures vanquished.

Grand Total: 170 creatures vanquished

Notes
Turn   | Place    | Note
-------+----------+-------------------------------------------
     0 | D:1      | Xavori the Djinni Chaos Knight began the quest for the Orb.
     0 | D:1      | Reached XP level 1. HP: 20/20 MP: 0/0
   343 | D:1      | Reached XP level 2. HP: 25/25 MP: 0/0
   392 | D:1      | XOM: silly message
   401 | D:1      | XOM: 6-stop teleportation journey
   501 | D:1      | Reached skill level 3 in Long Blades
   543 | D:1      | Reached XP level 3. HP: 30/30 MP: 0/0
   543 | D:1      | Learned a level 1 spell: Foxfire
   691 | D:1      | XOM: smoke on damage
  1361 | D:1      | XOM: give mutations
  1361 | D:1      | Gained mutation: You are clumsy. (Dex -2) [Xom's mischief]
  1361 | D:1      | Gained mutation: You have supernaturally acute eyesight.
                  | (SInv) [Xom's mischief]
  1361 | D:1      | Gained mutation: You passively map a small area around you.
                  | [Xom's mischief]
  1361 | D:1      | Gained mutation: You occasionally lose the ability to drink
                  | potions when taking damage. [Xom's mischief]
  1447 | D:1      | XOM: give mutations
  1447 | D:1      | Lost mutation: You occasionally lose the ability to drink
                  | potions when taking damage. [Xom's mischief]
  1447 | D:1      | Gained mutation: You are strong-willed. (Will+) [Xom's
                  | mischief]
  1447 | D:1      | Lost mutation: You are clumsy. (Dex -2) [Xom's mischief]
  1447 | D:1      | Lost mutation: You are strong-willed. (Will+) [Xom's
                  | mischief]
  1606 | D:1      | XOM: give mutations
  1606 | D:1      | Lost mutation: You have supernaturally acute eyesight.
                  | (SInv) [Xom's mischief]
  2743 | D:1      | XOM: summons 2 hostile shadow creatures
  2894 | D:1      | XOM: give mutations
  2894 | D:1      | Gained mutation: Your spells are a little harder to cast,
                  | but a little more powerful. [Xom's mischief]
  2894 | D:1      | Gained mutation: You occasionally lose the ability to drink
                  | potions when taking damage. [Xom's mischief]
  2894 | D:1      | Gained mutation: Your health recovers twice as slowly from
                  | being drained. [Xom's mischief]
  3835 | D:1      | XOM: give mutation
  3835 | D:1      | Lost mutation: Your spells are a little harder to cast, but
                  | a little more powerful. [Xom's mischief]
  4099 | D:1      | XOM: give mutations
  4099 | D:1      | Gained mutation: Your mind is acute. (Int +4, Str/Dex -1)
                  | [Xom's mischief]
  4099 | D:1      | Lost mutation: Your mind is acute. (Int +4, Str/Dex -1)
                  | [Xom's mischief]
  4172 | D:1      | XOM is BORED!
  4172 | D:1      | XOM: give mutations
  4172 | D:1      | Lost mutation: You passively map a small area around you.
                  | [Xom's mischief]
  4172 | D:1      | Gained mutation: Your muscles are strong. (Str +4, Int/Dex
                  | -1) [Xom's mischief]
  4172 | D:1      | Gained mutation: You are frail. (-10% HP) [Xom's mischief]
  5387 | D:1      | Identified the +0 hat of Vexation {Regen+ Str+3 Dex+2} (Xom
                  | gifted it to you on level 1 of the Dungeon)
  5387 | D:1      | XOM: god gift: +0 hat of Vexation {Regen+ Str+3 Dex+2}
  5476 | D:2      | You are sucked into a shaft and drop 1 floor!
  5577 | D:2      | Reached XP level 4. HP: 31/31 MP: 0/0
  6176 | D:1      | XOM: silly message
  7488 | D:1      | XOM: divination: magic mapping
  8076 | D:1      | XOM: silly message
  8158 | D:1      | XOM: divination: magic mapping
  8311 | D:1      | XOM: divination: detect items
  8486 | D:1      | XOM is BORED!
  8486 | D:1      | XOM: noise
  8581 | D:1      | XOM: divination: detect creatures
  9387 | D:3      | XOM: silly message
  9388 | D:3      | XOM: silly message
  9404 | D:3      | Reached skill level 1 in Spellcasting
  9404 | D:3      | Reached skill level 1 in Conjurations
  9404 | D:3      | Reached skill level 1 in Hexes
  9404 | D:3      | Reached skill level 1 in Summonings
  9404 | D:3      | Reached skill level 1 in Necromancy
  9404 | D:3      | Reached skill level 1 in Translocations
  9404 | D:3      | Reached skill level 1 in Fire Magic
  9404 | D:3      | Reached skill level 1 in Ice Magic
  9404 | D:3      | Reached skill level 1 in Air Magic
  9404 | D:3      | Reached skill level 1 in Earth Magic
  9404 | D:3      | Reached skill level 1 in Alchemy
  9404 | D:3      | Reached XP level 5. HP: 32/36 MP: 0/0
  9404 | D:3      | Learned a level 2 spell: Scorch
  9433 | D:3      | XOM: noise
  9531 | D:3      | Reached XP level 6. HP: 36/41 MP: 0/0
  9588 | D:3      | Reached skill level 4 in Long Blades
  9757 | D:3      | XOM: give mutations
  9757 | D:3      | Gained mutation: You possess an exceptional clarity of
                  | mind. [Xom's mischief]
  9757 | D:3      | Gained mutation: You expend health (3 HP) to strengthen
                  | your wands. [Xom's mischief]
  9757 | D:3      | Gained mutation: Your skin changes colour to match your
                  | surroundings (Stealth+). [Xom's mischief]
  9757 | D:3      | Gained mutation: Your spells are a little harder to cast,
                  | but a little more powerful. [Xom's mischief]
  9829 | D:3      | XOM: give mutations
  9829 | D:3      | Lost mutation: Your skin changes colour to match your
                  | surroundings (Stealth+). [Xom's mischief]
  9829 | D:3      | Lost mutation: You occasionally lose the ability to drink
                  | potions when taking damage. [Xom's mischief]
  9829 | D:3      | Lost mutation: Your spells are a little harder to cast, but
                  | a little more powerful. [Xom's mischief]
  9857 | D:3      | Found a hazy altar of Hepliaklqana.
 10213 | D:4      | Found a hide-covered altar of Uskayaw.
 10404 | D:4      | XOM: summons 4 hostile demons
 10428 | D:4      | XOM: stat loss: -1 Int (11/12)
 10585 | D:4      | Noticed an ogre
 10585 | D:4      | XOM: silly message
 10589 | D:4      | an ogre changed into a river rat
 10589 | D:4      | XOM: polymorph ogre -> river rat
 10623 | D:4      | Reached XP level 7. HP: 43/45 MP: 0/0
 10623 | D:4      | Learned a level 3 spell: Fugue of the Fallen
 10656 | D:4      | Found an opulent altar of Gozag.
 10799 | D:4      | XOM: smoke on damage
 10991 | D:4      | Reached skill level 5 in Long Blades
 11038 | D:4      | XOM: butterfly on damage
 11061 | D:4      | XOM: polymorph ogre -> jackal
 11069 | D:4      | XOM: summons 6 friendly demons
 11234 | D:4      | Found a staircase to the Ecumenical Temple.
 11288 | D:4      | Found a sacrificial altar of Ru.
 11471 | D:5      | Entered Level 5 of the Dungeon
 11512 | D:5      | XOM: butterfly on damage
 11542 | D:5      | Reached XP level 8. HP: 35/52 MP: 0/0
 11689 | D:5      | Found a glowing golden altar of the Shining One.
 11695 | D:5      | Found a shimmering altar of Xom.
 11697 | D:5      | XOM: potion effect (berserk rage)
 12129 | D:5      | XOM: summons 2 hostile shadow creatures
 12145 | D:6      | XOM: 5-stop teleportation journey
 12167 | D:6      | Reached skill level 6 in Long Blades
 12191 | D:6      | Noticed Sigmund
 12196 | D:7      | Found Zeufeaq's Antique Weapon Boutique.
 12304 | D:6      | XOM: chaos upgrade
 12308 | D:6      | Killed Sigmund
 12309 | D:6      | Reached skill level 5 in Fighting
 12309 | D:6      | Reached skill level 5 in Dodging
 12345 | D:6      | XOM: summons 5 hostile demons
 12346 | D:6      | Noticed a ynoxinul
 12346 | D:6      | Noticed an ice devil
 12357 | D:6      | XOM: summons 1 hostile shadow creature
 12486 | D:6      | XOM: noise
 12501 | D:6      | XOM: butterfly on damage
 12509 | D:6      | Reached XP level 9. HP: 38/58 MP: 0/0
 12509 | D:6      | Learned a level 3 spell: Tukima's Dance
 12537 | D:6      | Reached skill level 1 in Shields
 12626 | D:6      | XOM: smoke on damage
 12642 | D:6      | XOM: divination: detect creatures
 12817 | D:6      | XOM: smoke on damage
 12818 | D:6      | Mangled by an ice beast

Illustrated notes

Levels and vault maps discovered:
D:1:      dpeg_arrival_oval, layout_basic
D:2:      layout_loops_ring, nicolae_twisty_statue_hallways
D:3:      layout_rooms, nicolae_hepliaklqana_monster_ancestors
D:4:      minmay_recursive_quarters, layout_loops_corners,
          lemuel_zombie_altar_kikubaaqudgha, nicolae_ru_path_of_blood,
          nicolae_gozag_seed_capital, nicolae_uskayaw_murder_on_the_dancefloor,
          minmay_temple_entry_enclosed_plants, nicolae_the_louvre
D:5:      layout_loops_ring, gammafunk_temple_overflow_forgotten
D:6:      layout_basic, mainiacjoe_overflow_brackets, minmay_diced_spiral,
          uniq_sigmund
D:7:      layout_basic, grunt_temple_overflow_forces_of_nature,
          nemelex_diamond_rough_becter, serial_shops, nicolae_stop_n_shop_1,
          guppyfry_shop_venom

Skill      XL: |  1  2  3  4  5  6  7  8  9 |
---------------+----------------------------+-----
Long Blades    | 3 4 5 6 |  6.9
Armour         | 2 3 4 |  4.1
Spellcasting   | 1 2 |  2.8
Conjurations   | 1 2 |  2.8
Hexes          | 1 2 |  2.8
Summonings     | 1 2 |  2.8
Necromancy     | 1 2 |  2.8
Translocations | 1 2 |  2.8
Fire Magic     | 1 2 |  2.8
Ice Magic      | 1 2 |  2.8
Air Magic      | 1 2 |  2.8
Earth Magic    | 1 2 |  2.8
Alchemy        | 1 2 |  2.8
Dodging        | 3 4 5 |  5.8
Fighting       | 4 5 |  5.4
Shields        | 1 |  1.4

Action                     |  1- 3 |  4- 6 |  7- 9 || total
---------------------------+-------+-------+-------++-------
  Melee: Falchion          |    98 |   245 |   219 ||   562
         Punch             |     1 |     5 |     9 ||    15
   Cast: Foxfire           |       |       |    13 ||    13
    Use: Scroll            |       |       |     7 ||     7
   Stab: Sleeping          |     1 |     2 |       ||     3
         Petrifying        |       |     1 |       ||     1
         Distracted        |       |       |     1 ||     1
         Held in net/web   |       |       |     1 ||     1
 Armour: Leather armour    |    71 |   223 |   131 ||   425
  Dodge: Dodged            |    78 |   197 |   196 ||   471
  Block: Other             |       |       |    26 ||    26
